 Dungeon Crawl Stone Soup version 0.31-a0-549-gf98fd537a9 (console) character file.

Game seed: 5879733046775021840

83 Ignak the Gusty (level 4, 0/32 HPs)
             Began as a Gnoll Air Elementalist on Aug 16, 2023.
             Slain by a ball python (1 damage)
             ... on level 2 of the Dungeon.
             The game lasted 00:04:05 (1903 turns).

Ignak the Gusty (Gnoll Air Elementalist)            Turns: 1903, Time: 00:04:07

Health: 0/32       AC:  4    Str: 14    XL:     4   Next: 44%
Magic:  9/11       EV: 13    Int: 16    God:
Gold:   132        SH:  0    Dex: 12    Spells: 8/13 levels left

rFire   . . .        k - +2 dagger (vamp)
rCold   . . .        (no shield)
rNeg    . . .        o - +0 leather armour
rPois   .            d - +0 helmet
rElec   .            n - scarf {repulsion}
rCorr   .            (no gloves)
SInv    .            (no boots)
Will    .....        (no amulet)
Stlth   ++           c - +6 ring of strength
HPRegen 0.25/turn    (no ring)
MPRegen 0.12/turn

%: repel missiles
@: no status effects
A: fangs 1, strong nose, distributed training
a: no special abilities


You were on level 2 of the Dungeon.
You visited 1 branch of the dungeon, and saw 4 of its levels.

You collected 132 gold pieces.

Inventory:

Hand Weapons
 k - a +2 vampiric dagger (weapon)
Armour
 d - a +0 helmet (worn)
 n - a scarf of repulsion (worn)
 o - a +0 leather armour (worn)
Jewellery
 c - a +6 ring of strength (left hand)
Scrolls
 e - 6 scrolls of teleportation
 f - a scroll of poison {unknown}
 h - a scroll of fear {unknown}
 i - 3 scrolls of vulnerability {unknown}
Potions
 b - a potion of magic
 g - a potion of invisibility {unknown}
 j - 2 potions of curing {unknown}
 l - a potion of berserk rage {unknown}
 m - a potion of ambrosia {unknown}


   Skills:
 + Level 1.2 Fighting
 + Level 1.2 Short Blades
 + Level 1.2 Long Blades
 + Level 1.2 Axes
 + Level 1.2 Maces & Flails
 + Level 1.2 Polearms
 + Level 1.2 Staves
 + Level 1.2 Ranged Weapons
 + Level 1.2 Throwing
 + Level 1.2 Armour
 + Level 4.6 Dodging
 + Level 4.3 Stealth
 + Level 1.2 Shields
 + Level 1.2 Unarmed Combat
 + Level 5.1 Spellcasting
 + Level 2.2 Conjurations
 + Level 1.0 Hexes
 + Level 1.0 Summonings
 + Level 1.0 Necromancy
 + Level 1.0 Translocations
 + Level 1.0 Transmutations
 + Level 1.0 Fire Magic
 + Level 1.0 Ice Magic
 + Level 5.5 Air Magic
 + Level 1.0 Earth Magic
 + Level 1.0 Poison Magic
 + Level 1.3 Invocations
 + Level 1.2 Evocations
 + Level 1.0 Shapeshifting


You had 8 spell levels left.
You knew the following spells:

 Your Spells              Type           Power      Damage    Failure   Level
a - Shock                 Conj/Air       64%        1d7       3%          1
c - Ensorcelled Hibernat  Hex/Ice        14%        N/A       19%         2
t - Passwall              Tmut/Erth      5%         N/A       19%         2

Your spell library contained the following spells:

 Spells                   Type           Power      Damage    Failure   Level
 Static Discharge         Conj/Air       32%        2-4/arc   5%          2
 Swiftness                Air            21%        N/A       6%          3
 Airstrike                Air            10%        2d(2-18)  19%         4
 Gell's Gravitas          Tloc           7%         N/A       36%         3
 Teleport Other           Tloc           7%         N/A       36%         3
 Dispersal                Tloc           3%         N/A       100%        6


Dungeon Overview and Level Annotations

Branches:
Dungeon (4/15)
 Temple: D:4-7

Altars:
Vehumet
The Shining One


Innate Abilities, Weirdness & Mutations

You have very sharp teeth.
Your uncanny sense of smell can sniff out nearby items.
Your experience applies equally to all skills.


Message History

The frilled lizard completely misses you.
The orc hits you with a +0 mace.
The ball python bites you but does no damage.
The ball python constricts you.
You closely miss the ball python.
The ball python is heavily wounded.
The ball python bites you. The ball python constricts you.
The orc hits you with a +0 club.
* * * LOW HITPOINT WARNING * * *
The frilled lizard bites you.
* * * LOW HITPOINT WARNING * * *
The orc closely misses you. The ball python barely misses you.
The ball python constricts you.
* * * LOW HITPOINT WARNING * * *
Unknown command.
Unknown command.
You escape the ball python's grasp.
The orc misses you. The orc hits you with a +0 club.
* * * LOW HITPOINT WARNING * * *
The frilled lizard bites you but does no damage.
You climb upwards.
There is a stone staircase leading down, spattered with blood here.
Casting: Ensorcelled Hibernation (safe; 19% risk of failure)
Confirm with . or Enter, or press ? or * to list all spells.
Aiming: Ensorcelled Hibernation (safe; 19% risk of failure)
Press: ? - help, Shift-Dir - straight line, f - orc
Aim: an orc, wielding a +0 club (chance to affect: 58%)
The orc resists with significant effort.
The ball python closely misses you. The ball python barely misses you.
The orc hits you with a +0 club.
* * * LOW HITPOINT WARNING * * *
The orc barely misses you.
The frilled lizard bites you but does no damage.
You hit the frilled lizard.
You kill the frilled lizard!
The ball python bites you.
* * * LOW HITPOINT WARNING * * *
The ball python barely misses you. The orc hits you but does no damage.
The orc misses you. The ball python bites you.
You die...

###..######## ##..##.........
###.########## #..###.........
#............# #.#............
##............# #.#............
#.............# ##.#............
#.###..######## #.........######
#.#...P.#P#.######..#...####
..~~~~~~~~♣......o.##...#
.♣~~~~~~.~~P...S@#.##...#########
.~~~≈≈≈~P~~....o[#......#........
♣~.~~~~~~.~......####...#........
..~~~.~.~~....#### #...#........
#P~~~~.~~.....# #...#........
#...P..P......# #...#........
##.#..........# #...#........
...#########.###### #...#........
...# #..........###...#........


You could see 2 orcs and a ball python.

Vanquished Creatures
  3 adders (D:2)
  A dart slug (D:1)
  2 orcs
  6 bats
  6 endoplasms
  A giant cockroach (D:1)
  8 goblins
  5 hobgoblins
  3 jackals (D:1)
  2 ball pythons
  5 frilled lizards
  4 kobolds
  4 rats
50 creatures vanquished.

Notes
Turn   | Place    | Note
-------+----------+-------------------------------------------
     0 | D:1      | Ignak the Gnoll Air Elementalist began the quest for the
                  | Orb.
     0 | D:1      | Reached XP level 1. HP: 13/13 MP: 6/6
   201 | D:1      | Reached XP level 2. HP: 19/19 MP: 5/7
   253 | D:1      | Learned a level 2 spell: Ensorcelled Hibernation
   256 | D:1      | Learned a level 2 spell: Passwall
   477 | D:1      | Reached skill level 5 in Spellcasting
   477 | D:1      | Reached XP level 3. HP: 24/25 MP: 2/9
   978 | D:2      | Reached skill level 1 in Invocations
  1127 | D:2      | You fall into a shaft and drop 2 floors!
  1130 | D:4      | Found a glowing golden altar of the Shining One.
  1238 | D:2      | Reached skill level 1 in Fighting
  1238 | D:2      | Reached skill level 1 in Short Blades
  1238 | D:2      | Reached skill level 1 in Long Blades
  1238 | D:2      | Reached skill level 1 in Axes
  1238 | D:2      | Reached skill level 1 in Maces & Flails
  1238 | D:2      | Reached skill level 1 in Polearms
  1238 | D:2      | Reached skill level 1 in Staves
  1238 | D:2      | Reached skill level 1 in Ranged Weapons
  1238 | D:2      | Reached skill level 1 in Throwing
  1238 | D:2      | Reached skill level 1 in Armour
  1238 | D:2      | Reached skill level 1 in Shields
  1238 | D:2      | Reached skill level 1 in Unarmed Combat
  1238 | D:2      | Reached skill level 1 in Evocations
  1370 | D:2      | Found a radiant altar of Vehumet.
  1530 | D:2      | Reached XP level 4. HP: 32/32 MP: 11/11
  1824 | D:2      | Reached skill level 1 in Hexes
  1824 | D:2      | Reached skill level 1 in Summonings
  1824 | D:2      | Reached skill level 1 in Necromancy
  1824 | D:2      | Reached skill level 1 in Translocations
  1824 | D:2      | Reached skill level 1 in Transmutations
  1824 | D:2      | Reached skill level 1 in Fire Magic
  1824 | D:2      | Reached skill level 1 in Ice Magic
  1824 | D:2      | Reached skill level 1 in Earth Magic
  1824 | D:2      | Reached skill level 1 in Poison Magic
  1824 | D:2      | Reached skill level 1 in Shapeshifting
  1903 | D:2      | HP: 1/32 [ball python (3)]
  1903 | D:2      | Slain by a ball python

Illustrated notes

Levels and vault maps discovered:
D:1:      dpeg_arrival_pits, layout_basic, corexii_corridor_pit,
          minmay_fountain_box
D:2:      layout_basic, basic_altar, serial_bayou, serial_bayou_crossing,
          serial_bayou_shore_b, serial_bayou_pond_a, serial_bayou_pond_b,
          minmay_heptomino_h4
D:3:      layout_rooms, kennysheep_orc_sif_temple, chequers_serial_rivers_marsh
D:4:      layout_loops_cross, tso_metal_star

Skill      XL: |  1  2  3  4 |
---------------+-------------+-----
Conjurations   | 2 |  2.2
Spellcasting   | 5 |  5.1
Invocations    | 1 |  1.3
Fighting       | 1 |  1.2
Short Blades   | 1 |  1.2
Long Blades    | 1 |  1.2
Axes           | 1 |  1.2
Maces & Flails | 1 |  1.2
Polearms       | 1 |  1.2
Staves         | 1 |  1.2
Ranged Weapons | 1 |  1.2
Throwing       | 1 |  1.2
Armour         | 1 |  1.2
Shields        | 1 |  1.2
Unarmed Combat | 1 |  1.2
Evocations     | 1 |  1.2
Hexes          | 1 |  1.0
Summonings     | 1 |  1.0
Necromancy     | 1 |  1.0
Translocations | 1 |  1.0
Transmutations | 1 |  1.0
Fire Magic     | 1 |  1.0
Ice Magic      | 1 |  1.0
Earth Magic    | 1 |  1.0
Poison Magic   | 1 |  1.0
Shapeshifting  | 1 |  1.0
Dodging        | |  4.6
Stealth        | |  4.3
Air Magic      | |  5.5

Action                     |  1- 3 |  4- 6 || total
---------------------------+-------+-------++-------
  Melee: Unarmed           |     6 |       ||     6
         Dagger            |    74 |    21 ||    95
         Bite              |     5 |     3 ||     8
   Cast: Shock             |    37 |       ||    37
         Ensorcelled Hiber |     5 |     5 ||    10
    Use: Scroll            |     1 |       ||     1
   Stab: Sleeping          |    11 |     5 ||    16
 Armour: Robe              |    18 |     7 ||    25
         Leather armour    |       |     5 ||     5
  Dodge: Dodged            |    76 |    38 ||   114

Table legend: (Time is in decaauts)
 A = Elapsed time spent in this place.
 B = Non-inter-level travel time spent in this place.
 C = Inter-level travel time spent in this place.
 D = Time resting spent in this place.
 E = Time spent auto-exploring this place.
 F = Levels seen in this place.
 G = Mean time per level.
                   A        B        C        D        E       F      G
               +--------+--------+--------+--------+--------+-----+--------+
         Total |   1911 |   1872 |     39 |    143 |   1156 |   4 |  477.8 |
       Dungeon |   1911 |   1872 |     39 |    143 |   1156 |   4 |  477.8 |
               +--------+--------+--------+--------+--------+-----+--------+

Top non-repeatable levels by time:
     D:1: 960 daAuts
     D:2: 913 daAuts
     D:3: 22 daAuts
     D:4: 15 daAuts
